norx, chaotic male orcish Rogue .-- ----..----- |.........-- --.....---..-- ---..|..-- --..--------------------- ....----- --..|..................--- .....| --..[.........).....^...-*. -.--d-- ----.................--- |...@| |...............|..| ------ -------------------- norx the Cutpurse Experience level: 5 Strength: 16 Dexterity: 18 Constitution: 12 Intelligence: 8 Wisdom: 10 Charisma: 12 Health: 0(28) Energy: 14(14) Def: 5 Gold: 242 Moves: 1003 Dungeon seed: 9rjygGkUPDtElaVJ Game ID: norx_1540328387 Your Inventory: Coins $ - 242 gold pieces Weapons a - a +0 orcish short sword (weapon in hand) b - 6 +0 orcish daggers (in quiver) B - 8 cursed +0 darts Armor e - an uncursed +1 leather armor (being worn) z - an uncursed +0 dwarvish cloak (being worn) N - an uncursed +0 pair of iron shoes (being worn) Comestibles g - 3 uncursed food rations l - 2 uncursed tins of spinach m - an uncursed fortune cookie H - an uncursed partly eaten food ration Scrolls i - an uncursed scroll of enchant armor k - an uncursed scroll of teleportation o - an uncursed scroll of amnesia u - an uncursed scroll of confuse monster Potions c - an uncursed potion of sickness h - an uncursed potion of gain energy j - an uncursed potion of paralysis p - an uncursed potion of healing t - an uncursed potion of gain level Wands n - a wand of light (0:15) w - a wand of striking (0:5) Tools d - an uncursed lock pick f - an uncursed sack q - a blessed crystal ball (0:4) v - 2 uncursed tallow candles (0:200) x - a bag of tricks (0:13) C - a blessed wax candle (0:400) E - an uncursed tin whistle G - an uncursed lock pick Gems r - 2 uncursed worthless pieces of white glass y - 2 uncursed worthless pieces of red glass A - an uncursed fluorite stone D - an uncursed turquoise stone F - an uncursed worthless piece of black glass I - 2 uncursed rubies Y - 2 uncursed worthless pieces of yellowish brown glass Spells and supernatural/magical abilities: Name Level Category Fail Memory W - pray for help -- divine ? -- Your skills at the end: Fighting Skills Weapon Skills dagger [Basic] short sword [Basic] Spellcasting Skills Final Attributes: You were piously aligned. You were poison resistant. You had infravision. You were stealthy. You were lucky. You are dead. Vanquished creatures: a gnome king 4 gnome lords 4 dwarves 3 hobbits 22 gnomes 2 jackals a kobold a sewer rat a grid bug 3 bats a lichen a kobold zombie 3 newts 47 creatures vanquished. Voluntary challenges: You followed a strict vegan diet. You were an atheist. You used a wielded weapon 24 times, starting on turn 67. You were illiterate. You never genocided any monsters. You never polymorphed an object. You never changed form. You used no wishes. You never split a pudding. You never wrote Elbereth's name. You never violated your personal moral code. Dungeon overview: The Dungeons of Doom: levels 1 to 3 Level 1 a fountain a long staircase Level 2 Level 3 stairs to The Gnomish Mines The Gnomish Mines: levels 4 to 11 Level 4 stairs to The Dungeons of Doom Level 5 Level 11 <- You were here History has recorded: On T:1 you entered the Dungeons of Doom to retrieve the Amulet of Yendor! On T:70 you reached level 2 of The Dungeons of Doom. On T:289 you reached level 3 of The Dungeons of Doom. On T:361 you reached level 1 of The Gnomish Mines. On T:432 you advanced to experience level 2. On T:445 you advanced to experience level 3. On T:564 you advanced to experience level 4. On T:599 you reached level 2 of The Gnomish Mines. On T:791 you reached level 8 of The Gnomish Mines. On T:811 you advanced to experience level 5. Score breakdown: Gold: 242 ( 8115 points) Experience: 5 levels (11141 points) Exploration: 11 levels ( 21.57%) (13416 points) Discoveries: 2 items ( 0.70%) ( 2504 points) Valuables value: (no points given unless you survive) Artifact value: 0 ( 0 points) Variety of kills: 13 monsters ( 3.41%) ( 5541 points) Turncount: 1003 turns ( 0 points) Survival: died (score multiplied by 80%) Total score: 32573 Latest messages: You are still in a pit. You crawl to the edge of the pit. There are a few objects here. One of your legs feels somewhat better. Your candle's flame flickers low! Your leg feels somewhat better. Your movements are now unencumbered. You see here a white gem. r - a white gem. The warg bites! Your candle is consumed! Its flame dies. The warg bites! You miss the warg. The warg bites! You miss the warg. The warg bites! You miss the warg. The warg bites! You die... The sack is empty. The sack is empty. Final status: Goodbye norx the Rogue, killed by a warg... You died in The Gnomish Mines on dungeon level 11 with 32573 points, and 242 pieces of gold, after 1003 moves. You were level 5 with a maximum of 28 hit points when you died.